 Dungeon Sprint DCSS version 0.31-a0-640-g39d97e502b (webtiles) character file.

Game seed: 16673561853156689620

546 Revguard the Trooper (level 7, -12/67 HPs)
             Began as a Red Draconian Shapeshifter on Aug 28, 2023.
             Was an Initiate of Jiyva.
             Mangled by a jumping spider (16 damage)
             ... in the Dungeon (Sprint V: "Ziggurat Sprint").
             The game lasted 00:03:06 (330 turns).

Revguard the Trooper (Red Draconian Shapeshifter)    Turns: 330, Time: 00:03:06

Health: -12/67     AC:  6    Str: 16    XL:     7   Next: 6%
Magic:  7/7        EV: 21    Int: 13    God:    Jiyva [......]
Gold:   0          SH:  0    Dex: 19    Spells: 6/6 levels left

rFire   + .          .
                       - Unarmed
rCold   + . .        (no shield)
rNeg    . . .        (body armour unavailable)
rPois   +            (helmet currently unavailable)
rElec   .            (cloak currently unavailable)
rCorr   .            (gloves currently unavailable)
SInv    .            (boots currently unavailable)
Will    .....        (no amulet)
Stlth   ++           m - +5 ring of evasion
HPRegen 0.31/turn    a - ring "Paxzis" {+Blink rPois rC+ Int+3 Dex+6}
MPRegen 0.10/turn

%: no teleportation
@: short of breath, beast-form
A: beast (slay +4), breathe fire, AC +6, unfitting armour, fire resistance 1,
cold-blooded
a: Breathe Fire, Begin Untransformation, Renounce Religion, Evoke Blink


You were in the Dungeon.
You worshipped Jiyva.
Jiyva was noncommittal.
You were a hulking beast.
You visited 1 branch

Inventory:

Jewellery
 a - the ring "Paxzis" (right hand) {+Blink rPois rC+ Int+3 Dex+6}
   (You found it in the Dungeon)

   [ring of dexterity]

   Int+3:     It affects your intelligence (+3).
   Dex+6:     It affects your dexterity (+6).
   rC+:       It protects you from cold.
   rPois:     It protects you from poison +Blink: It lets you blink.
 m - a +5 ring of evasion (left hand)
 s - a ring of flight
 t - a +6 ring of dexterity
 u - a +6 ring of dexterity
 x - a +6 ring of strength
 y - a +6 ring of strength
Talismans
 b - a beast talisman (active)
 c - a flux talisman
 z - a blade talisman
 A - a maw talisman
 B - a serpent talisman
Wands
 v - a wand of flame (5)
 C - a wand of mindburst (5)
 D - a wand of iceblast (5)
 E - a wand of quicksilver (11)
Scrolls
 i - a scroll of blinking
 o - 4 scrolls of amnesia
 p - 7 scrolls of fog
 q - 5 scrolls of identify
 r - 2 scrolls of fear
Potions
 d - 10 potions of curing
 e - 6 potions of heal wounds
 f - 6 potions of haste
 g - 7 potions of magic
 h - 3 potions of berserk rage
 j - 2 potions of brilliance
 k - 2 potions of invisibility
 l - 4 potions of resistance
 n - 5 potions of might


   Skills:
 + Level 7.6 Fighting
 + Level 6.6 Dodging
 + Level 7.6 Unarmed Combat
 + Level 6.8 Evocations
 + Level 7.0 Shapeshifting


You had 6 spell levels left.
You didn't know any spells.
Your spell library was empty.

Dungeon Overview and Level Annotations

Branches:
Dungeon (1/1)

Altars:
Ashenzari
Cheibriados
Dithmenos
Elyvilon
Fedhas
Gozag
Hepliaklqana
Kikubaaqudgha
Makhleb
Nemelex Xobeh
Okawaru
Qazlal
Ru
Sif Muna
Trog
Uskayaw
Vehumet
Wu Jian
Xom
Yredelemnul
Zin
The Shining One
Jiyva
Lugonu

Annotations:
D 1 transporter


Innate Abilities, Weirdness & Mutations

You are a hulking beast.
Your limbs bulge with bestial killing power. (Slay +4)
You can breathe blasts of fire.
Your fiery red scales are hard. (AC +6)
You cannot fit into any form of body armour.
Your flesh is heat resistant. (rF+)
You are cold-blooded and may be slowed by cold attacks.


Message History

The jumping spider pounces on you!
* * * LOW HITPOINT WARNING * * *
You are caught in a web!
The jumping spider bites you but does no damage.
Blink to where?
Press: ? - help, Dir - move target, p - jumping spider
As you read the scroll of blinking, it crumbles to dust.
The jumping spider leaps!
Aiming: Mindburst
Press: ? - help, Shift-Dir - straight line, f - jumping spider
Aim: a jumping spider (severely wounded, chance to affect: 84%)
The jumping spider's mind is blasted!
You blow up the jumping spider!
Your Shapeshifting skill increases to level 7!
You have reached level 7!
Your scales start taking on a fiery red colour.
You learn Fire Magic much quicker.
You learn Ice Magic much slower.
You can breathe blasts of fire.
You feel resistant to heat.
Okay, then.
Aiming: Breathe Fire (5% risk of failure)
Press: ? - help, Shift-Dir - straight line, f - jumping spider
Aim: a jumping spider (heavily wounded, 60% to hit)
You breathe a blast of fire.
The fiery breath misses the jumping spider.
The jumping spider pounces on you!
* * * LOW HITPOINT WARNING * * *
The jumping spider bites you.
* * * LOW HITPOINT WARNING * * *
Blink to where?
Press: ? - help, Dir - move target, p - jumping spider
As you read the scroll of blinking, it crumbles to dust.
The jumping spider leaps!
There's nothing to close nearby.
Aiming: Mindburst
Press: ? - help, Shift-Dir - straight line, f - jumping spider
Aim: a jumping spider (heavily wounded, chance to affect: 85%)
The jumping spider's mind is blasted!
The jumping spider leaps!
The jumping spider pounces on you!
You die...

▓▓▓▓▓▓▓▓▓▓▓▓▓▓▓▓▓▓
▓h8©8.▓.8©8.▓.8©8.
▓.s})☼▓.)...▓.....
▓..|..▓.....▓.....
▓.....▓.....▓.))..
▓.....▓.....▓.....
▓..°.°▓.....▓..©..
▓..©.§▓..©..▓▓▓▓▓▓
▓▓▓▓▓▓▓▓▓▓▓▓▓


You could see a jumping spider.

Vanquished Creatures
  A jumping spider (D)
  2 phantoms (D)
  A necrophage (D)
  2 scorpions (D)
  An orc priest (D)
  An orc wizard (D)
8 creatures vanquished.

Vanquished Creatures (others)
  A jelly (D)
1 creature vanquished.

Grand Total: 9 creatures vanquished

Notes
Turn   | Place    | Note
-------+----------+-------------------------------------------
     0 | D        | Revguard the Draconian Shapeshifter began the quest for the
                  | Orb.
     0 | D        | Reached XP level 1. HP: 16/16 MP: 1/1
     0 | D        | Found a shimmering blue altar of Sif Muna.
     0 | D        | Found a bloodstained altar of Trog.
     0 | D        | Found a sacrificial altar of Ru.
     0 | D        | Found a stormy altar of Qazlal.
     0 | D        | Found an iron altar of Okawaru.
     1 | D        | Found a sparkling altar of Nemelex Xobeh.
     1 | D        | Found a blossoming altar of Fedhas.
     1 | D        | Found the +6 Majin-Bo {spellvamp, MP+6 Int+6}
     1 | D        | Found the +27 heavy crossbow "Sniper" {heavy, Acc+∞ SInv}
     1 | D        | Found the +10 dark maul {heavy}
     1 | D        | Found the +15 Maxwell's patent armour {-Cast -Tele rElec
                  | Will+ rCorr}
     1 | D        | Found the +18 shield of the Gong {Loud rN+ Will+ rCorr
                  | EV-5}
     1 | D        | Found the +16 obsidian axe {drain, demonic, Mesm Drain Fly
                  | SInv}
     1 | D        | Found the +7 great mace "Firestarter" {flame, immolate,
                  | rFlCloud rF++}
     1 | D        | Found the +6 shillelagh "Devastator" {shatter}
     1 | D        | Found the +11 plutonium sword {Contam Stlth-}
     1 | D        | Found the +8 lance "Wyrmbane" {slay drac, rPois rF+ rC+
                  | AC+3}
     1 | D        | Found the +9 sword of Zonguldrok {reap}
     1 | D        | Found the +13 scythe of Curses {drain, curses, Drain}
     1 | D        | Found the +9 sword of Power {lifebolt}
     1 | D        | Found the +7 mace of Variability {chaos, chaos arc}
     1 | D        | Found the +11 Singing Sword {sonic wave}
     1 | D        | Found the +8 storm bow {elec, penet}
     3 | D        | Found a transporter.
     3 | D        | Found an ancient bone altar of Kikubaaqudgha.
     3 | D        | Found a viscous altar of Jiyva.
     3 | D        | Found a corrupted altar of Lugonu.
     3 | D        | Found a hazy altar of Hepliaklqana.
     3 | D        | Found a burning altar of Makhleb.
     3 | D        | Found an opulent altar of Gozag.
    23 | D        | Reached XP level 2. HP: 26/26 MP: 2/2
    29 | D        | Became a worshipper of Jiyva Jaasyabi the Shapeless
    34 | D        | Entered arena 2.
    34 | D        | Found a transporter.
    42 | D        | Reached XP level 3. HP: 22/33 MP: 3/3
    48 | D        | Reached skill level 5 in Unarmed Combat
   162 | D        | Entered arena 3.
   162 | D        | Noticed a phantom
   162 | D        | Noticed a phantom
   162 | D        | Noticed a necrophage
   162 | D        | Found a transporter.
   173 | D        | Killed a necrophage
   174 | D        | Reached skill level 5 in Fighting
   174 | D        | Reached skill level 5 in Shapeshifting
   174 | D        | Reached XP level 4. HP: 11/42 MP: 4/4
   186 | D        | Killed a phantom
   187 | D        | Reached skill level 5 in Dodging
   187 | D        | Reached skill level 5 in Evocations
   187 | D        | Reached XP level 5. HP: 33/50 MP: 5/5
   194 | D        | Killed a phantom
   195 | D        | Reached XP level 6. HP: 38/58 MP: 6/6
   222 | D        | Got the ring "Paxzis" {+Blink rPois rC+ Int+3 Dex+6}
   314 | D        | Entered arena 4.
   314 | D        | Noticed a jumping spider
   314 | D        | Noticed a jumping spider
   314 | D        | Found a transporter.
   327 | D        | Killed a jumping spider
   328 | D        | Your scales start taking on a fiery red colour.
   328 | D        | Reached XP level 7. HP: 16/67 MP: 7/7
   328 | D        | Gained mutation: Your flesh is heat resistant. (rF+) [Red
                  | Draconian growth]
   330 | D        | Mangled by a jumping spider

Illustrated notes

Levels and vault maps discovered:
D:        sprint_v [room_start, room_1, room_2, room_3, room_4, room_5, room_6,
          room_7, room_8, room_9, room_10, room_11, room_12, room_13, room_14,
          room_15, room_16, room_17, room_18, room_19, room_20, room_21,
          room_22, room_23, room_24, room_25, room_26, room_27]

Skill      XL: |  1  2  3  4  5  6 |
---------------+-------------------+-----
Fighting       | 3 4 5 6 7 |  7.6
Dodging        | 3 4 5 6 |  6.6
Unarmed Combat | 4 5 6 7 |  7.6
Evocations     | 3 4 5 6 |  6.8
Shapeshifting  | 4 5 6 7 |  7.0

Action                     |  1- 3 |  4- 6 |  7- 9 || total
---------------------------+-------+-------+-------++-------
  Melee: Unarmed           |    20 |    21 |       ||    41
         Tailslap          |     3 |       |       ||     3
         Punch             |       |     1 |       ||     1
Ability: Breathe Fire      |       |       |     1 ||     1
  Evoke: Wand              |       |     3 |     1 ||     4
    Use: Potion            |     1 |     5 |       ||     6
         Scroll            |       |     2 |     1 ||     3
 Armour: Skin              |     2 |    21 |       ||    23
  Dodge: Dodged            |    23 |    22 |       ||    45

Table legend: (Time is in decaauts)
 A = Elapsed time spent in this place.
 B = Non-inter-level travel time spent in this place.
 C = Inter-level travel time spent in this place.
 D = Time resting spent in this place.
 E = Time spent auto-exploring this place.
 F = Levels seen in this place.
 G = Mean time per level.
                   A        B        C        D        E       F      G
               +--------+--------+--------+--------+--------+-----+--------+
         Total |    322 |    322 |      0 |    210 |      0 |   1 |  322.0 |
       Dungeon |    322 |    322 |      0 |    210 |      0 |   1 |  322.0 |
               +--------+--------+--------+--------+--------+-----+--------+

Top non-repeatable levels by time:
       D: 322 daAuts
